 Dungeon Crawl Stone Soup version 0.25.1-2-g60ff931df9 (webtiles) character file.

Game seed: 17457595869308282838

19502 Chimkentus the Jinx (level 12, 0/84 HPs)
             Began as an Octopode Arcane Marksman on Aug 4, 2020.
             Was the Champion of Ru.
             Slain by a spiny frog (15 damage)
             ... on level 4 of the Lair of Beasts on Aug 7, 2020.
             The game lasted 03:56:00 (20176 turns).

Chimkentus the Jinx (Octopode Arcane Marksman)     Turns: 20176, Time: 03:56:00

Health: 0/84       AC:  1    Str: 14    XL:     12   Next: 69%
Magic:  19/23      EV: 12    Int: 16    God:    Ru [******]
Gold:   174        SH:  0    Dex: 17    Spells: 7/26 levels left

rFire    . . .     SeeInvis .   i - +9 falchion "Riejycel" {vorpal, Dex+5}
rCold    . . .     Gourm    .   (no shield)
rNeg     . . .     Faith    .   (helmet restricted)
rPois    +         Spirit   .   X - amulet of regeneration
rElec    .         Reflect  .   m - ring of stealth
rCorr    .         Harm     .   c - ring of protection from magic
MR       +....                  S - ring of poison resistance
Stlth    +++++++...             q - ring of stealth
HPRegen  0.64/turn              (no ring)
MPRegen  0.18/turn              (no ring)
                                (no ring)
                                (no ring)

@: exhausted, appendage, no potions
A: almost no armour, stealthy swim, amphibious, 8 rings, constrict 8, tentacle
spike 3, camouflage 1, gelatinous body 1, inability to drink while threatened,
inability to use devices, inability to train dodging, disrupted magic 1
a: End Transformation, Draw Out Power, Power Leap, Apocalypse, Renounce Religion


You were on level 4 of the Lair of Beasts.
You worshipped Ru.
Ru was exalted by your worship.
You were hungry.
One of your tentacles had a temporary spike.
You visited 4 branches of the dungeon, and saw 18 of its levels.
You also visited: Sewer.

You collected 810 gold pieces.
You spent 636 gold pieces at shops.

Inventory:

Hand Weapons
 e - a +0 short sword of electrocution
 i - the +9 falchion "Riejycel" (weapon) {vorpal, Dex+5}
   (You found it on level 2 of the Lair of Beasts)

   It inflicts extra damage upon your enemies.
   It affects your dexterity (+5).
 j - the +2 hunting sling of the Assorted Teeth {speed, Stlth+}
   (You bought it in a shop on level 7 of the Dungeon)

   Attacks with this weapon are significantly faster.
   It makes you more stealthy.
 v - the +8 whip of Huphah {speed, rN+}
   (You bought it in a shop on level 4 of the Dungeon)

   Attacks with this weapon are significantly faster.
   It protects you from negative energy.
 G - a +1 halberd of venom
 H - a +1 dagger of pain
 K - a +0 war axe of electrocution
Missiles
 h - 45 sling bullets
 J - 308 arrows
 L - 6 curare-tipped darts (quivered)
 U - a javelin
Magical Staves
 u - an uncursed staff of energy
Jewellery
 c - a ring of protection from magic (right tentacle)
 m - a ring of stealth (left tentacle)
 q - a ring of stealth (on tentacle)
 S - a ring of poison resistance (on tentacle)
 X - an amulet of regeneration (around mantle)
Scrolls
 a - a scroll of acquirement {unknown}
 g - 9 scrolls of teleportation
 k - a scroll of random uselessness {unknown}
 n - a scroll of remove curse
 p - 2 scrolls of immolation {unknown}
 s - a scroll of fog {unknown}
 t - a scroll of silence {unknown}
 y - a scroll of fear {unknown}
 A - a scroll of magic mapping {unknown}
 D - a scroll of blinking {unknown}
 F - 5 scrolls of enchant armour
 Z - 2 scrolls of enchant weapon
Potions
 b - a potion of might
 f - a potion of cancellation
 l - a potion of haste
 o - 2 potions of flight
 w - a potion of berserk rage
 z - 5 potions of curing
 B - 2 potions of heal wounds
 C - 7 potions of brilliance
 I - a potion of lignification
 M - 2 potions of stabbing
 O - a potion of resistance
Comestibles
 d - 26 rations


   Skills:
 * Level 8.3 Fighting
 + Level 3.5(4.2) Short Blades
 + Level 3.4(4.2) Long Blades
 + Level 1.2 Maces & Flails
 + Level 2.0 Polearms
 + Level 4.5(5.7) Slings
   Level 2.3 Bows
 + Level 5.3(6.1) Throwing
 + Level 7.4 Stealth
 + Level 7.5 Spellcasting
 + Level 10.2 Hexes
 * Level 5.2 Summonings
 + Level 1.0 Translocations
 * Level 3.3 Transmutations


You had 7 spell levels left.
You knew the following spells:

 Your Spells              Type           Power        Failure   Level  Hunger
a - Corona                Hex            #####..      1%          1    None
b - Slow                  Hex            #####...     1%          2    None
c - Inner Flame           Hex/Fire       ###.....     7%          3    ##.....
d - Portal Projectile     Hex/Tloc       ###...       6%          3    ##.....
e - Cause Fear            Hex            #####.....   3%          4    ####...
f - Summon Guardian Gole  Hex/Summ       ####....     3%          3    ##.....
g - Beastly Appendage     Tmut           ###...       5%          1    None
h - Sticks to Snakes      Tmut           ###.....     7%          2    None

Your spell library contained the following spells:

 Spells                   Type           Power        Failure   Level  Hunger
 Summon Small Mammal      Summ           ###.         2%          1    None
 Call Imp                 Summ           ###.....     3%          2    None
 Call Canine Familiar     Summ           ###.....     7%          3    ##.....
 Leda's Liquefaction      Hex/Erth       ###.......   21%         4    ####...
 Spider Form              Tmut/Pois      ##........   26%         3    ##.....
 Summon Ice Beast         Ice/Summ       ##......     47%         4    ####...
 Summon Lightning Spire   Summ/Air       ##......     47%         4    ####...
 Ice Form                 Ice/Tmut       ##......     61%         4    ####...
 Blade Hands              Tmut           ###.......   71%         5    #####..


Dungeon Overview and Level Annotations

Branches:
Dungeon (11/15)            Temple (1/1) D:6            Lair (4/6) D:10
  Swamp (0/4) Lair:2          Orc (2/2) D:10          Sewer (visited)
  Snake: Lair:2-4    Spider: Lair:2-4       Elf: Orc:2

Altars:
Ashenzari
Cheibriados
Dithmenos
Elyvilon
Fedhas
Gozag
Hepliaklqana
Kikubaaqudgha
Makhleb
Nemelex Xobeh
Okawaru
Qazlal
Ru
Sif Muna
Trog
Uskayaw
Vehumet
Wu Jian
Xom
Yredelemnul
Zin
The Shining One

Shops:
D:4 **=**   D:7 (=   D:9 !   D:10 (

Annotations:
D:6 1 exclusion
D:11 Nergalle, Snorg
Orc:2 Nessos


Innate Abilities, Weirdness & Mutations

You cannot wear most types of armour.
You are very stealthy in the water. (Stealth+)
You are amphibious.
You can wear up to eight rings at the same time.
You can use your tentacles to constrict eight enemies at once.
Your skin changes colour to match your surroundings (Stealth+).
Your rubbery body absorbs attacks. (AC +1, EV +1)
You cannot drink potions while threatened.
You cannot study or use magical devices.
You cannot train Dodging skill.
Your casting is slightly disrupted.
One of your tentacles bears a large vicious spike.


Message History

The blink frog blinks!
The blink frog begins to attack, but is stunned by your will!
You redirect the blink frog's attack!
The blink frog blinks! x2; The blink frog barely misses you.
You redirect the blink frog's attack!
The blink frog blinks!
The blink frog begins to attack, but is stunned by your will!
Things that are here:
a yak corpse x2
You can't go up here!
The blink frog blinks!
The blink frog is stunned by your will and fails to attack.
The blink frog barely misses you.
You riposte.
You barely miss the blink frog. Your grab misses the blink frog.
There is a stone staircase leading up, spattered with blood here.
You see here a yak corpse.
The blink frog stops glowing.
The blink frog blinks!
The yak gores you!
* * * LOW HITPOINT WARNING * * *
The blink frog blinks!
The spiny frog stings you!
You die...

..# ....... #### $
...♣...# ##..# ..
.......## ...# ...
##....$.## ..# ....
.#.#...♣..###.### .....
...........#$.♣.#......
.............F†........
..♣.<.♣.§FY@F♣#.....
........§..F.F.........
.......§..F##.♣.#......
.#.#...♣..##.♣.##.....
##.......#.. ... ....
.......##.## .#.#....
...♣...# ### #.### ...
.......


You could see a yak, a spiny frog, 4 blink frogs and a bullfrog.

Vanquished Creatures
  A two-headed ogre (D:10)
  Sonja (Lair:3)
  Pikel (D:6)
  2 elephants (Lair:2)
  A black mamba (Lair:3)
  2 spiny frogs
  A rime drake (Lair:3)
  A komodo dragon (Lair:2)
  2 polar bears (D:10)
  A tyrant leech (Lair:2)
  5 blink frogs (Lair:3)
  10 hippogriffs
  A meliai zombie (D:11)
  A centaur simulacrum (D:10)
  2 spriggans (Lair:2)
  A wyvern (Lair:1)
  23 yaks
  A hog (D:4)
  A basilisk (D:10)
  A hungry ghost (D:10)
  Menkaure (D:4)
  2 swamp worms (Lair:2)
  2 porcupines (Lair:1)
  7 water moccasins
  3 orc warriors
  A sky beast (D:10)
  An ice beast (D:10)
  2 slaves (D:6)
  A phantom (D:8)
  7 ogres
  2 necrophages
  15 wolves
  7 centaurs
  4 crocodiles
  11 bullfrogs
  6 killer bees
  2 howler monkeys
  A bullfrog zombie (D:9)
  6 crimson imps
  A centaur zombie (D:6)
  2 hounds
  2 jellies
  2 orc priests
  A bullfrog skeleton (D:4)
  A centaur skeleton (D:8)
  3 iguanas
  3 orc wizards
  8 worker ants
  A bullfrog simulacrum (D:10)
  A hound skeleton (D:7)
  A hound zombie (D:6)
  A killer bee simulacrum (D:10)
  4 gnolls (D:8)
  17 adders
  4 river rats (Sewer)
  2 shadow imps
  4 white imps (D:10)
  2 howler monkey simulacra (D:10)
  An ufetubus (D:10)
  An ooze (D:4)
  An adder zombie (D:6)
  An adder skeleton (D:9)
  2 worms
  3 leopard geckos
  27 orcs
  4 ball pythons
  8 giant cockroaches
  4 goblins
  5 hobgoblins
  6 jackals
  4 quokkas
  9 bats
  8 frilled lizards
  A jackal zombie (D:9)
  16 kobolds
  16 rats
317 creatures vanquished.

Vanquished Creatures (collateral kills)
  The ghost of Jujuru the Basher, a novice DsFi of Okawaru (D:7)
  A spiny frog (Lair:1)
  5 yaks
  A swamp worm (Lair:2)
  2 wolves (Lair:3)
10 creatures vanquished.

Vanquished Creatures (others)
  2 yaks (Lair:2)
  2 wolves (Lair:3)
  A bullfrog (Lair:2)
  4 fungi
  9 plants
18 creatures vanquished.

Grand Total: 345 creatures vanquished

Notes
Turn   | Place    | Note
-------+----------+-------------------------------------------
     0 | D:1      | Chimkentus the Octopode Arcane Marksman began the quest for
                  | the Orb.
     0 | D:1      | Reached XP level 1. HP: 13/13 MP: 2/2
   148 | D:1      | Reached XP level 2. HP: 18/18 MP: 1/3
   152 | D:1      | Learned a level 2 spell: Slow
   812 | D:2      | Reached XP level 3. HP: 19/23 MP: 0/4
  1289 | D:2      | Reached XP level 4. HP: 29/29 MP: 0/6
  1440 | D:2      | You fall into a shaft and drop 1 floor!
  1492 | D:3      | Found a hide-covered altar of Uskayaw.
  1716 | D:4      | Found Cuaremma's Assorted Antiques.
  1728 | D:4      | Noticed Menkaure
  1744 | D:4      | Found Ikyser's Assorted Antiques.
  1754 | D:4      | Found Puepetec's Jewellery Shoppe.
  1838 | D:4      | Found a glowing drain.
  1870 | Sewer    | Entered a sewer
  1986 | Sewer    | Reached skill level 1 in Stealth
  2157 | Sewer    | Reached XP level 5. HP: 16/34 MP: 3/7
  2819 | D:4      | Learned a level 3 spell: Inner Flame
  2929 | D:4      | Reached skill level 1 in Short Blades
  3021 | D:4      | Found Burog's Assorted Antiques.
  3090 | D:4      | Bought a large steel ring for 120 gold pieces
  3145 | D:4      | Noticed an ogre
  3888 | D:3      | Reached XP level 6. HP: 36/41 MP: 5/9
  4155 | D:3      | Reached skill level 4 in Hexes
  4385 | D:3      | Learned a level 3 spell: Portal Projectile
  4509 | D:4      | Found an ornate altar of the Wu Jian Council.
  5029 | D:4      | Killed Menkaure
  5029 | D:4      | Reached XP level 7. HP: 46/46 MP: 7/11
  5045 | D:4      | Found Ithesap's General Store.
  5051 | D:4      | Bought a potion of curing for 33 gold pieces
  5209 | D:4      | Noticed a hog
  5209 | D:4      | an ogre changed into a hog
  5217 | D:4      | Killed a hog
  5464 | D:5      | Entered Level 5 of the Dungeon
  5548 | D:5      | Found a basalt altar of Yredelemnul.
  6768 | D:6      | Reached XP level 8. HP: 54/54 MP: 9/13
  6929 | D:6      | Found a staircase to the Ecumenical Temple.
  6973 | D:6      | Learned a level 4 spell: Cause Fear
  7015 | D:6      | Reached skill level 5 in Hexes
  7445 | D:6      | Noticed Pikel
  7590 | D:6      | Killed Pikel
  7590 | D:6      | Reached skill level 5 in Dodging
  7590 | D:6      | Reached skill level 6 in Hexes
  7590 | D:6      | Reached skill level 1 in Evocations
  7590 | D:6      | Reached XP level 9. HP: 57/59 MP: 6/15
  7632 | Temple   | Entered the Ecumenical Temple
  7839 | Temple   | Became a worshipper of Ru the Awakened
  7950 | D:6      | Found a glowing silver altar of Zin.
  8151 | D:7      | Found a large runed translucent door.
  8151 | D:7      | Found a large runed translucent door.
  8162 | D:7      | Noticed Jujuru's ghost (novice DsFi)
  8857 | D:8      | Reached skill level 5 in Spellcasting
  9207 | D:8      | Reached skill level 5 in Fighting
  9328 | D:8      | Reached skill level 1 in Slings
  9333 | D:8      | Reached skill level 7 in Hexes
  9472 | D:8      | Gained mutation: You cannot study or use magical devices.
                  | [Ru sacrifice]
  9472 | D:8      | Reached * piety under Ru
  9472 | D:8      | Reached ** piety under Ru
  9504 | D:7      | Found Noto's Weapon Shoppe.
 10172 | D:9      | Found Mofoug's Distillery.
 10231 | D:9      | Reached XP level 10. HP: 64/66 MP: 14/17
 10368 | D:9      | Reached skill level 1 in Long Blades
 10431 | D:9      | Learned a level 3 spell: Summon Guardian Golem
 10774 | D:10     | Entered Level 10 of the Dungeon
 11000 | D:10     | Found a staircase to the Lair.
 11127 | D:10     | Found a staircase to the Orcish Mines.
 11157 | D:10     | Noticed a two-headed ogre
 11164 | D:10     | Found Heump's Weapon Shoppe.
 11222 | D:10     | Found a hazy altar of Hepliaklqana.
 11351 | D:10     | Reached skill level 1 in Bows
 11351 | D:10     | Reached skill level 8 in Hexes
 11802 | D:9      | Reached skill level 5 in Stealth
 12197 | D:7      | Gained mutation: You cannot train Dodging skill. [Ru
                  | sacrifice]
 12197 | D:7      | Reached *** piety under Ru
 12197 | D:7      | Reached **** piety under Ru
 12197 | D:7      | Reached ***** piety under Ru
 12377 | D:7      | Found Aronos's Jewellery Boutique.
 12704 | D:7      | Killed Jujuru's ghost
 13146 | D:10     | Reached skill level 5 in Throwing
 13146 | D:10     | Reached XP level 11. HP: 74/74 MP: 17/20
 13149 | D:10     | Reached skill level 1 in Polearms
 13149 | D:10     | Reached skill level 9 in Hexes
 13842 | Orc:1    | Entered Level 1 of the Orcish Mines
 13889 | Orc:2    | Entered Level 2 of the Orcish Mines
 13889 | Orc:2    | Noticed Nessos
 14162 | D:10     | Reached skill level 1 in Summonings
 14292 | Lair:1   | Entered Level 1 of the Lair of Beasts
 15397 | D:7      | Bought the cursed +2 hunting sling of the Assorted Teeth
                  | {speed, Stlth+} for 255 gold pieces
 15598 | D:4      | Bought a brightly glowing whip for 210 gold pieces
 15600 | D:4      | Identified the +8 whip of Huphah {speed, rN+} (You bought
                  | it in a shop on level 4 of the Dungeon)
 15622 | D:4      | Bought a silvery potion for 18 gold pieces
 16181 | D:11     | Noticed a two-headed ogre
 16382 | D:11     | Noticed Snorg
 16412 | D:11     | Noticed Nergalle
 16547 | Lair:2   | Got a brightly glowing falchion
 16593 | Lair:2   | Reached skill level 1 in Maces & Flails
 16647 | Lair:2   | Identified the +9 falchion "Riejycel" {vorpal, Dex+5} (You
                  | found it on level 2 of the Lair of Beasts)
 16753 | Lair:2   | Gained mutation: Your casting is slightly disrupted. [Ru
                  | sacrifice]
 16830 | Lair:2   | Reached skill level 1 in Translocations
 17093 | Lair:2   | Found a staircase to the Swamp.
 17142 | Lair:2   | Found a shattered altar of Ashenzari.
 17262 | Lair:3   | Noticed Sonja
 17642 | Lair:3   | Learned a level 1 spell: Beastly Appendage
 17645 | Lair:3   | Learned a level 2 spell: Sticks to Snakes
 17747 | Lair:3   | Reached XP level 12. HP: 81/81 MP: 19/22
 17874 | Lair:3   | Reached skill level 1 in Transmutations
 17992 | Lair:3   | Killed Sonja
 18766 | Lair:2   | Reached skill level 10 in Hexes
 18969 | Lair:2   | Reached skill level 5 in Summonings
 19320 | Lair:2   | Gained mutation: You cannot drink potions while threatened.
                  | [Ru sacrifice]
 19320 | Lair:2   | Reached ****** piety under Ru
 19588 | D:10     | Killed a two-headed ogre
 20176 | Lair:4   | Slain by a spiny frog

Illustrated notes

Levels and vault maps discovered:
D:1:      grunt_arrival_lava_bath, layout_rooms
D:2:      layout_loops_corners
D:3:      minmay_spotlight, layout_basic, overflow_temple_1_default
D:4:      layout_cave_pods, old_standard_altar, serial_shops,
          nicolae_shop_overgrown_old_shop, shop, shop,
          nicolae_shop_temple_entry_statues_fountains,
          nicolae_shop_overgrown_old_shop, first_ration, portal_sewer_entry_f,
          uniq_menkaure
D:5:      layout_cave_pods, overflow_temple_1_default
D:6:      layout_loops_ring, zin_treasury, minmay_temple_entry_large_hall,
          bh_chokoban, uniq_pikel
D:7:      layout_cave_pools, ebering_ghost_disaster_area, serial_shops,
          kennysheep_mini, nicolae_shop_crystal
D:8:      layout_basic
D:9:      layout_basic, serial_shops, nicolae_shop_waterfront
D:10:     layout_roguey, david_lair_generic, orc_0_dummy, serial_shops, shop,
          basic_altar, serial_ice, serial_ice_n, serial_ice_j, serial_ice_h,
          serial_ice_f, serial_ice_a, serial_ice_d, serial_ice_g
D:11:     layout_layer_cave, uniq_gastronok, uniq_nergalle, uniq_snorg
Temple:   eino_narrow_crystal_temple
Lair:1:   layout_roguey, infiniplex_staircase_pool_2
Lair:2:   wad_woods_stonehenge, layout_cave_shapes, minmay_swamp_entry_worms,
          serial_bayou_pond_d, minmay_hedge_maze
Lair:3:   layout_misc_corridors, infiniplex_staircase_pool, grunt_megastairs_1,
          uniq_sonja
Lair:4:   layout_regular_city, spider_nest_entry_webs, grunt_megastairs_3,
          lemuel_fruit_tree, serial_bayou_shore_b
Orc:1:    nicolae_orc_accident_2, layout_diamond_mine, uniq_erica, uniq_harold
Orc:2:    st_orc_mages, layout_caves, okawaru_metal_pillars_1_2, uniq_nessos,
          uniq_urug

Skill      XL: |  1  2  3  4  5  6  7  8  9 10 11 12 |
---------------+-------------------------------------+-----
Fighting       | 2 3 4 5 6 7 8 |  8.3
Stealth        | 1 2 3 4 5 7 |  7.4
Short Blades   | 1 2 3 |  3.5
Dodging        | 3 4 5 0 |  0.0
Spellcasting   | 2 3 4 5 6 7 |  7.5
Hexes          | 4 6 7 8 9 10 | 10.2
Throwing       | 3 4 5 |  5.3
Evocations     | 1 0 |  0.0
Slings         | 1 3 4 |  4.5
Long Blades    | 1 2 3 |  3.4
Bows           | 2 |  2.3
Polearms       | 2 |  2.0
Summonings     | 3 5 |  5.2
Maces & Flails | 1 |  1.2
Translocations | 1 |  1.0
Transmutations | 3 |  3.3

Action                   |  1- 3 |  4- 6 |  7- 9 | 10-12 || total
-------------------------+-------+-------+-------+-------++-------
Melee: Club              |    11 |       |       |       ||    11
       Tentacles         |     5 |    16 |    60 |    86 ||   167
       Short sword       |    17 |    95 |       |    31 ||   143
       Constrict         |     7 |    31 |    39 |    43 ||   120
       Dagger            |       |    17 |   185 |    76 ||   278
       Falchion          |       |       |     4 |   138 ||   142
       Whip              |       |       |    37 |    65 ||   102
       Scimitar          |       |       |    12 |       ||    12
       Halberd           |       |       |       |    74 ||    74
       Kick              |       |       |       |    10 ||    10
 Fire: Hunting sling     |       |       |    65 |   168 ||   233
       Shortbow          |       |       |       |    97 ||    97
Throw: Javelin           |    37 |    24 |     5 |     7 ||    73
       Throwing net      |     5 |     6 |     1 |     2 ||    14
       Stone             |     1 |       |     1 |     1 ||     3
       Dart              |       |    37 |    47 |    53 ||   137
       Boomerang         |       |       |    30 |    19 ||    49
 Cast: Corona            |    10 |    37 |    53 |    66 ||   166
       Slow              |     9 |    34 |    56 |    75 ||   174
       Cause Fear        |       |       |     2 |     6 ||     8
       Summon Guardian G |       |       |       |    42 ||    42
       Portal Projectile |       |       |       |    19 ||    19
       Beastly Appendage |       |       |       |     6 ||     6
       Sticks to Snakes  |       |       |       |    12 ||    12
Invok: Sacrifice Artific |       |       |     1 |       ||     1
       Power Leap        |       |       |       |     9 ||     9
       Sacrifice Nimblen |       |       |       |     1 ||     1
       Draw Out Power    |       |       |       |     1 ||     1
       Sacrifice Essence |       |       |       |     1 ||     1
       Sacrifice Drink   |       |       |       |     1 ||     1
Evoke: Wand              |       |     1 |    13 |       ||    14
  Use: Potion            |       |     2 |       |     3 ||     5
       Scroll            |       |     8 |     7 |     5 ||    20
 Stab: Sleeping          |     3 |    11 |     4 |    14 ||    32
       Held in net/web   |       |     2 |       |     1 ||     3
       Invisible         |       |       |     1 |     7 ||     8
       Confused          |       |       |     1 |       ||     1
       Paralysed         |       |       |       |    10 ||    10
       Distracted        |       |       |       |     3 ||     3
  Eat: Chunk             |     2 |    15 |    19 |    25 ||    61
       Ration            |       |       |       |     3 ||     3
Armor: Skin              |     1 |     3 |     6 |    15 ||    25
Dodge: Dodged            |    20 |    70 |   155 |   234 ||   479
       Rpst.: Scimitar   |       |       |     5 |       ||     5
       Falchion          |       |       |       |    19 ||    19
